 Dungeon Crawl Stone Soup version 0.31-a0-1010-g5322dac (webtiles) character file.

Game seed: 2921887647039460996

52826896 PurpleRed the Archmage (level 27, 195/195 HPs)
             Began as a Deep Elf Brigand on Nov 15, 2023.
             Was the Champion of Vehumet.
             Escaped with the Orb
             ... and 15 runes on Nov 16, 2023!
             The game lasted 07:05:21 (27473 turns).

PurpleRed the Archmage (Deep Elf Brigand)          Turns: 27473, Time: 07:05:22

Health: 195/195    AC: 16    Str: 15    XL:     27
Magic:  69/74      EV: 22    Int: 41    God:    Vehumet [******]
Gold:   2783       SH:  9    Dex: 10    Spells: 2/80 levels left

rFire   + . .        c - staff "Enoehiqeho" {MP+9 Str+3 Earth}
rCold   + . .        l - +3 warlock's mirror {omnireflect}
rNeg    + . .        L - +1 troll leather armour
rPois   +            r - +2 helmet {Int+3}
rElec   +            d - +0 cloak of Pathos {rN+ Will+ Int+3}
rCorr   .            Z - +2 pair of gloves
SInv    +            s - +2 pair of slick slippers {slick, slippery, EV+4}
Will    +++..        k - amulet of Compassion {RegenMP rC+++ Regen+ Stlth+}
Stlth   ++           v - ring of the Bespelled God {Fire rElec rPois Int+5 Dex-5}
HPRegen 2.92/turn    T - ring "Tyvitiosk" {rElec MP+9 Slay-4 SInv Stlth+}
MPRegen 0.84/turn

%: reflection
@: studying 2 skills
A: regeneration 1, strong 1, cold vulnerability 1
0: Orb of Zot
}: 15/15 runes: barnacled, slimy, silver, golden, iron, obsidian, icy, bone,
abyssal, demonic, glowing, magical, fiery, dark, gossamer
a: Renounce Religion


You escaped.
You worshipped Vehumet.
Vehumet was exalted by your worship.
You visited 18 branches of the dungeon, and saw 88 of its levels.
You visited Pandemonium 1 time, and saw 20 of its levels.
You visited the Abyss 2 times.
You visited 1 ziggurat, and saw 22 of its levels.

You collected 5138 gold pieces.
You spent 2355 gold pieces at shops.

Inventory:

Hand Weapons
 G - the +11 rapier "Inlebehu" {elec, +Blink rN+}
   (You found it on level 3 of the Tomb of the Ancients)

   rN+:       It protects you from negative energy.
   +Blink:    It lets you blink.
Missiles
 e - 7 curare-tipped darts
Armour
 d - the +0 cloak of Pathos (worn) {rN+ Will+ Int+3}
   (You acquired it on level 1 of the Elven Halls)

   Int+3:     It affects your intelligence (+3).
   rN+:       It protects you from negative energy.
   Will+:     It increases your willpower.
 h - a +3 buckler of cold resistance
 l - the +3 warlock's mirror (worn) {omnireflect}
   (You found it on level 5 of the Vaults)

   Omnireflect: It can block and reflect piercing ranged attacks and magical
   attacks against the wielder's willpower.
 r - a +2 helmet of intelligence (worn)
 s - the +2 pair of slick slippers (worn) {slick, slippery, EV+4}
   (You found it on level 11 of a ziggurat)

   Slick:     Its wearer cannot be constricted, engulfed, netted or webbed.
   Slippery:  Its wearer slips away from damaging melee attacks, pulling the
   attacker onward.
   EV+4:      It affects your evasion (+4).
 t - the +2 ring mail of Inevitability {Harm Int+4}
   (You found it on level 7 of Cocytus)

   Int+4:     It affects your intelligence (+4).
   Harm:      It increases damage dealt and taken.
 L - a +1 troll leather armour (worn)
 Z - a +2 pair of gloves (worn)
Magical Staves
 a - the staff of Abomination {rPois rF+ Str+3 Fire}
   (You found it on level 18 of a ziggurat)

   [staff of fire]

   Base accuracy: +5 Base damage: 5 Base attack delay: 1.2 This weapon's minimum
   attack delay (0.6) is reached at skill level 12.
   Str+3:     It affects your strength (+3).
   rF+:       It protects you from fire.
   rPois:     It protects you from poison Fire: It increases the power of your
   Fire spells.
   It falls into the 'Staves' category.
   It is a one-handed weapon.
 b - the staff "Elf's Foe" {rPois rN+ Will+ Dex+3 Necro}
   (You found it on level 21 of a ziggurat)

   [staff of death]

   Base accuracy: +5 Base damage: 5 Base attack delay: 1.2 This weapon's minimum
   attack delay (0.6) is reached at skill level 12.
   Dex+3:     It affects your dexterity (+3).
   rPois:     It protects you from poison rN+: It protects you from negative
   energy.
   Will+:     It increases your willpower.
   Necro:     It increases the power of your Necromancy spells.
   It falls into the 'Staves' category.
   It is a one-handed weapon.
 c - the staff "Enoehiqeho" (weapon) {MP+9 Str+3 Earth}
   (You found it in Pandemonium)

   [staff of earth]

   Base accuracy: +5 Base damage: 5 Base attack delay: 1.2 This weapon's minimum
   attack delay (0.6) is reached at skill level 12.
   Str+3:     It affects your strength (+3).
   MP+9:      It affects your magic capacity (+9).
   Earth:     It increases the power of your Earth spells.
   It falls into the 'Staves' category.
   It is a one-handed weapon.
 x - the staff of Action {Contam rN+ rCorr Conj Necro Air}
   (You found it on level 7 of Cocytus)

   [staff of death]

   Base accuracy: +5 Base damage: 5 Base attack delay: 1.2 This weapon's minimum
   attack delay (0.6) is reached at skill level 12.
   rN+:       It protects you from negative energy.
   Contam:    It causes magical contamination when unequipped.
   rCorr:     It protects you from acid and corrosion.
   Conj:      It increases the power of your Conjurations spells.
   Necro:     It increases the power of your Necromancy spells.
   Air:       It increases the power of your Air spells.
   It falls into the 'Staves' category.
   It is a one-handed weapon.
Jewellery
 k - the amulet of Compassion (around neck) {RegenMP rC+++ Regen+ Stlth+}
   (You found it in Pandemonium)

   [amulet of magic regeneration]

   RegenMP:   It increases your rate of magic regeneration.
   rC+++:     It renders you almost immune to cold.
   Regen+:    It increases your rate of health regeneration.
   Stlth+:    It makes you more stealthy.
 u - the ring "Ygaos" {rPois MP+9 Int+3}
   (You found it on level 11 of a ziggurat)

   [ring of magical power]

   Int+3:     It affects your intelligence (+3).
   rPois:     It protects you from poison MP+9: It affects your magic capacity
   (+9).
 v - the ring of the Bespelled God (left hand) {Fire rElec rPois Int+5 Dex-5}
   (You found it on level 3 of the Elven Halls)

   [ring of fire]

   Fire:      It enhances your fire magic.
   Int+5:     It affects your intelligence (+5).
   Dex-5:     It affects your dexterity (-5).
   rF+:       It protects you from fire.
   rC-:       It makes you vulnerable to cold.
   rElec:     It insulates you from electricity.
   rPois:     It protects you from poison
 w - a ring of protection from cold
 E - the ring "Moclest" {Fly rCorr Slay+2}
   (You found it on level 22 of a ziggurat)

   [ring of flight]

   Slay+2:    It affects your accuracy & damage with ranged weapons and melee
   (+2).
   Fly:       It grants you flight.
   rCorr:     It protects you from acid and corrosion.
 K - the ring of Hepliaklqana's Whim {rN+ Will+ Int+5 Dex+2}
   (You found it on level 18 of a ziggurat)

   [ring of positive energy]

   Int+5:     It affects your intelligence (+5).
   Dex+2:     It affects your dexterity (+2).
   rN+:       It protects you from negative energy.
   Will+:     It increases your willpower.
 T - the ring "Tyvitiosk" (right hand) {rElec MP+9 Slay-4 SInv Stlth+}
   (You found it on level 4 of a ziggurat)

   [ring of magical power]

   Slay-4:    It affects your accuracy & damage with ranged weapons and melee
   (-4).
   rElec:     It insulates you from electricity.
   MP+9:      It affects your magic capacity (+9).
   SInv:      It lets you see invisible.
   Stlth+:    It makes you more stealthy.
 X - a ring "Qoracusk" {rPois rF+ rN+ EV+5 Dex+8}
   (You took it off an orc on level 1 of the Orcish Mines)

   [ring of evasion]

   EV+5:      It affects your evasion (+5).
   Dex+8:     It affects your dexterity (+8).
   rF+:       It protects you from fire.
   rPois:     It protects you from poison rN+: It protects you from negative
   energy.
Talismans
 H - a talisman of death
 W - a dragon-blood talisman
Wands
 g - a wand of quicksilver (43)
 y - a wand of digging (28)
 Y - a wand of iceblast (25)
Scrolls
 i - a scroll of enchant armour
 j - 5 scrolls of blinking
 p - 11 scrolls of teleportation
 A - 6 scrolls of amnesia
 M - a scroll of immolation
 N - 8 scrolls of fear
 S - 3 scrolls of summoning
 U - 8 scrolls of fog
Potions
 m - 6 potions of cancellation
 o - a potion of ambrosia
 q - a potion of brilliance
 z - 11 potions of curing
 B - 8 potions of heal wounds
 C - 2 potions of haste
 D - 2 potions of berserk rage
 F - a potion of magic
 I - a potion of invisibility
 O - 3 potions of might
 P - 12 potions of mutation
 Q - 7 potions of enlightenment
 V - 4 potions of resistance
Miscellaneous
 f - a figurine of a ziggurat
 n - a phantom mirror
 R - a phial of floods


   Skills:
 + Level 25.9 Fighting
 - Level 2.0(10.0) Short Blades
 - Level 13.9(14.0) Long Blades
 - Level 2.0 Throwing
 - Level 12.0 Armour
 - Level 20.0 Dodging
 - Level 4.8 Stealth
 - Level 10.0 Shields
 O Level 27 Spellcasting
 - Level 23.0 Conjurations
 - Level 8.0 Necromancy
 - Level 1.0 Translocations
 - Level 4.0 Transmutations
 - Level 22.0 Fire Magic
 - Level 26.7 Ice Magic
 - Level 18.0 Air Magic
 - Level 21.0 Earth Magic
 - Level 5.0 Evocations
 - Level 23.0 Shapeshifting


You had 2 spell levels left.
You knew the following spells:

 Your Spells              Type           Power      Damage    Failure   Level
a - Irradiate             Conj/Tmut      52%        3d29      1%          5
b - Chain Lightning       Conj/Air       61%        3d81      2%          9
c - Ignition              Fire           75%        3d20      1%          8
d - Iskenderun's Mystic   Conj/Tloc      100%       2d19      1%          4
e - Fireball              Conj/Fire      75%        3d28      0%          5
f - Lehudib's Crystal Sp  Conj/Erth      75%        10d17     1%          8
g - Orb of Destruction    Conj           63%        9d15      1%          7
h - Polar Vortex          Ice            67%        12d9*     1%          9
i - Blink                 Tloc           100%       N/A       1%          2
q - Apportation           Tloc           100%       N/A       1%          1
s - Shatter               Erth           74%        3d54*     2%          9
v - Fire Storm            Conj/Fire      75%        8d19      1%          9
x - Sublimation of Blood  Necr           88%        N/A       1%          2

Your spell library contained the following spells:

 Spells                   Type           Power      Damage    Failure   Level
 Freeze                   Ice            100%       1d10      0%          1
 Kiss of Death            Conj/Necr      100%       2d13      0%          1
 Magic Dart               Conj           100%       1d8       0%          1
 Necrotise                Necr           100%       1d9       0%          1
 Sandblast                Erth           100%       2d20      0%          1
 Shock                    Conj/Air       100%       1d9       0%          1
 Momentum Strike          Conj/Tloc      100%       3d10      0%          2
 Passwall                 Tmut/Erth      100%       N/A       0%          2
 Poisonous Vapours        Pois/Air       100%       N/A       0%          2
 Searing Ray              Conj           100%       2d8       0%          2
 Static Discharge         Conj/Air       100%       3-8/arc   0%          2
 Slow                     Hex            100%       N/A       1%          1
 Sting                    Tmut/Pois      100%       1d8       1%          1
 Summon Small Mammal      Summ           100%       N/A       1%          1
 Call Imp                 Summ           100%       N/A       1%          2
 Cigotuvi's Dreadful Rot  Necr/Pois/Air  100%       N/A       1%          2
 Jinxbite                 Hex            100%       N/A       1%          2
 Lesser Beckoning         Tloc           100%       N/A       1%          2
 Wereblood                Tmut           73%        N/A       1%          2
 Dazzling Flash           Conj/Hex       100%       N/A       0%          3
 Hailstorm                Conj/Ice       100%       3d20      0%          3
 Inner Flame              Hex/Fire       100%       N/A       0%          3
 Mephitic Cloud           Conj/Pois/Air  100%       N/A       0%          3
 Stone Arrow              Conj/Erth      100%       3d13      0%          3
 Volatile Blastmotes      Fire/Tloc      100%       2d18      0%          3
 Airstrike                Air            58%        2d(9-25)  0%          4
 Brom's Barrelling Bould  Conj/Erth      100%       2d11      0%          4
 Flame Wave               Conj/Fire      100%       2d21      0%          4
 Summon Ice Beast         Ice/Summ       100%       N/A       0%          4
 Arcjolt                  Conj/Air       61%        1d71      0%          5
 Freezing Cloud           Conj/Ice/Air   63%        6-21      0%          5
 Iskenderun's Battlesphe  Conj           100%       2d15      0%          5
 Lee's Rapid Deconstruct  Erth           74%        3d33*     0%          5
 Bombard                  Conj/Erth      75%        9d12      0%          6
 Conjure Ball Lightning   Conj/Air       61%        3x3d22    0%          6
 Plasma Beam              Fire/Air       73%        2x1d90    0%          6
 Starburst                Conj/Fire      75%        6d19      0%          6
 Ozocubu's Refrigeration  Ice            67%        4d22      0%          7
 Call Canine Familiar     Summ           53%        N/A       1%          3
 Confusing Touch          Hex            53%        N/A       1%          3
 Gell's Gravitas          Tloc           59%        N/A       1%          3
 Ignite Poison            Fire/Tmut/Pois 100%       N/A       1%          3
 Sigil of Binding         Hex            53%        N/A       1%          3
 Summon Guardian Golem    Hex/Summ       53%        N/A       1%          3
 Teleport Other           Tloc           59%        N/A       1%          3
 Tukima's Dance           Hex            53%        N/A       1%          3
 Vampiric Draining        Necr           88%        2d12      1%          3
 Animate Armour           Summ/Erth      100%       N/A       1%          4
 Animate Dead             Necr           88%        N/A       1%          4
 Dispel Undead            Necr           88%        3d28      1%          4
 Fulminant Prism          Conj/Hex       49%        3d21      1%          4
 Leda's Liquefaction      Hex/Erth       59%        N/A       1%          4
 Olgreb's Toxic Radiance  Pois           53%        N/A       1%          4
 Petrify                  Tmut/Erth      100%       N/A       1%          4
 Summon Lightning Spire   Summ/Air       92%        N/A       1%          4
 Vhi's Electric Charge    Tloc/Air       100%       N/A       1%          4
 Agony                    Necr           88%        N/A       1%          5
 Silence                  Hex/Air        46%        N/A       1%          5
 Yara's Violent Unravell  Hex/Tmut       32%        3d13      1%          5
 Simulacrum               Ice/Necr       57%        N/A       1%          6
 Spellforged Servitor     Conj/Summ      49%        N/A       1%          7
 Maxwell's Capacitive Co  Air            58%        ∞         1%          8
 Manifold Assault         Tloc           59%        N/A       2%          4
 Passage of Golubria      Tloc           59%        N/A       2%          4
 Dimensional Bullseye     Hex/Tloc       28%        N/A       3%          4
 Eringya's Noxious Bog    Tmut/Pois      32%        4d6       7%          6
 Summon Forest            Summ/Tloc      28%        N/A       9%          5
 Summon Mana Viper        Hex/Summ       53%        N/A       11%         5
 Dispersal                Tloc           29%        N/A       38%         6
 Summon Cactus Giant      Summ           26%        N/A       52%         6
 Haunt                    Necr/Summ      36%        N/A       54%         7
 Borgnjor's Revivificati  Necr           44%        N/A       69%         8
 Infestation              Necr           44%        N/A       69%         8
 Malign Gateway           Summ/Tloc      28%        N/A       95%         7
 Enfeeble                 Hex            26%        N/A       98%         7
 Monstrous Menagerie      Summ           26%        N/A       98%         7
 Summon Hydra             Summ           26%        N/A       98%         7
 Discord                  Hex            26%        N/A       100%        8
 Disjunction              Tloc           29%        N/A       100%        8
 Summon Horrible Things   Summ           26%        N/A       100%        8


Dungeon Overview and Level Annotations

Branches:
Dungeon (15/15)            Temple (1/1) D:5            Lair (5/5) D:9
 Shoals (4/4) Lair:3       Spider (4/4) Lair:2        Slime (5/5) Lair:5
    Orc (2/2) D:10            Elf (3/3) Orc:2        Vaults (5/5) D:13
  Crypt (3/3) Vaults:3       Tomb (3/3) Crypt:3      Depths (4/4) D:15
   Hell (visited)             Dis (7/7) Hell            Geh (7/7) Hell
    Coc (7/7) Hell            Tar (7/7) Hell            Zot (5/5) Depths:4

Altars:
Ashenzari
Cheibriados
Dithmenos
Elyvilon
Fedhas
Gozag
Hepliaklqana
Kikubaaqudgha
Makhleb
Nemelex Xobeh
Okawaru
Qazlal
Ru
Sif Muna
Trog
Uskayaw
Vehumet
Wu Jian
Xom
Yredelemnul
Zin
The Shining One
Jiyva
Lugonu

Shops:
D:5 *   D:10 !   D:15 (   Orc:2 :([*   Depths:3 *

Portals:
Hell: Depths:1 Depths:2
Abyss: Lair:5 Depths:2 Depths:4
Pandemonium: Depths:1 Depths:2
Trove: D:10 (give horn of Geryon)

Annotations:
D:5 Grinder
D:10 3 runed translucent doors, Hug's ghost, novice VSBr
Spider:3 1 runed translucent door, Inutadom's ghost, adept DsIE
Crypt:1 1 transporter


Innate Abilities, Weirdness & Mutations

Your natural rate of healing is unusually fast.
Your muscles are strong. (Str +4, Int/Dex -1)
You are vulnerable to cold. (rC-)


Message History

Aim: a tormentor (82% to hit)
You feel a surge of power!
The crystal spear hits the tormentor!!!!
You kill the tormentor!
Vehumet accepts your kill.
You feel your power returning. The hound bites you but does no damage.
The hound misses you. The hound barely misses you.
The hound attacks as it pursues you! The hound misses you.
An Orb Guardian comes into view.
You block the hound's attack. The hound attacks as it pursues you!
The hound closely misses you. The hound attacks as it pursues you!
The hound misses you. You block the hound's attack.
The hound bites you but does no damage. The hound completely misses you.
The hound bites you but does no damage.
Casting: Lehudib's Crystal Spear (mildly dangerous; 1% risk of failure)
Confirm with . or Enter, or press ? or * to list all spells.
Aiming: Lehudib's Crystal Spear (mildly dangerous; 1% risk of failure)
Press: ? - help, Shift-Dir - straight line, f - Orb Guardian
Aim: an Orb Guardian (80% to hit)
You feel a surge of power!
The crystal spear hits the Orb Guardian!!!
The Orb Guardian is severely wounded.
The Orb Guardian completely misses you.
Casting: Lehudib's Crystal Spear (mildly dangerous; 1% risk of failure)
Confirm with . or Enter, or press ? or * to list all spells.
Aiming: Lehudib's Crystal Spear (mildly dangerous; 1% risk of failure)
Press: ? - help, Shift-Dir - straight line, f/p - Orb Guardian
Aim: an Orb Guardian (severely wounded, 80% to hit)
You feel a surge of power!
The crystal spear hits the Orb Guardian!!!!
You kill the Orb Guardian!
Vehumet accepts your kill.
You feel your power returning. You block the hound's attack. x2
You block the hound's attack.
There is a staircase leading out of the dungeon here.
The hound splashes around in the water. x2
You have escaped!

....##.#.####.# #.# #...#
.......#.####... ...# #...#
.#####.#>.....#####..#### #...#
.........##.............# #...#
.##.####.##..~.......~..# #...#
.##.####....~~~.....~≈~.#####...#
......##.....~.......~...........
###.#.##..........[..............
#...##........@h...............
#.............~≈~.....#####...#
##.######......~>.....## #...#
#.# #....).........####...#
####.#### #..~.......≈.....##...#
#.......# #.~≈≈.....~~~.##.##X..#
#.##.##.###..~.......~..##......#
#.##......#......................
#.#####.#.....#..###.#####..##..#


You could see a hound.

Vanquished Creatures
  Cerebov (Pan)
  Antaeus (Coc:7)
  the Royal Jelly (Slime:5)
  Gloorx Vloq (Pan)
  Ereshkigal (Tar:7)
  the Serpent of Hell (Coc:7)
  Mnoleg (Pan)
  Lom Lobon (Pan)
  13 dread liches
  15 ancient liches
  5 orbs of fire
  A juggernaut (Dis:7)
  13 Killer Klowns
  33 royal mummies
  23 shard shrikes
  3 curse toes
  22 caustic shrikes
  Geryon (Hell)
  15 golden dragons
  13 bone dragons
  Jory (Vaults:2)
  6 profane servitors
  11 Tzitzimimeh
  10 doom hounds
  6 hellephants
  22 pandemonium lords
  10 Brimstone Fiends
  3 electric golems
  18 iron giants
  2 spectral shard shrikes
  25 Ice Fiends
  12 tentacled monstrosities
  10 liches
  28 Hell Sentinels
  29 Orb Guardians
  11 tainted leviathans
  2 deep elf blademasters (Elf:3)
  A quicksilver dragon (Vaults:5)
  19 titans
  6 deep elf master archers
  Polyphemus (Shoals:3)
  A sphinx (shapeshifter) (Zig:22)
  An eldritch tentacle (Pan)
  13 searing wretches
  17 sphinxes
  30 Executioners
  26 ancient champions
  19 acid blobs
  3 tentacled starspawn (Abyss:2)
  2 krakens
  4 death cobs
  8 shadow dragons
  14 draconian monks
  5 tengu reavers
  Donald (Spider:1)
  14 storm dragons
  9 revenants
  13 narguns
  5 demonspawn warmongers
  3 daevas (Abyss:3)
  28 fire giants
  7 rockslimes (Slime:5)
  A fire giant (shapeshifter) (Zig:20)
  12 emperor scorpions
  5 iron dragons
  5 shard shrike simulacra
  6 draconian knights
  23 frost giants
  11 azure jellies
  13 quicksilver elementals
  16 vault wardens
  A spectral juggernaut (Tar:2)
  5 draconian scorchers
  38 balrugs
  5 curse skulls
  8 deep elf sorcerers
  2 angels (Abyss:3)
  3 spectral caustic shrikes
  20 ghost moths
  21 stone giants
  2 draconian shifters
  10 deep elf elementalists (Elf:3)
  16 cacodemons
  5 orc warlords
  5 ghouls
  2 caustic shrike skeletons (Pan)
  7 demonspawn corrupters
  5 draconian annihilators
  13 quicksilver oozes
  7 draconian stormcallers
  9 formless jellyfish
  19 war gargoyles
  18 ironbound preservers
  4 broodmothers
  30 very ugly things
  A dire elephant (Vaults:2)
  21 elemental wellsprings
  A formless jellyfish (shapeshifter) (Zig:22)
  Nessos (D:14)
  8 demonspawn blood saints
  4 demonspawn black suns
  An ironbound thunderhulk (Vaults:2)
  12 deep elf demonologists
  18 reapers
  9 vampire knights
  6 green draconians
  A spectral titan (Tar:2)
  10 bennus
  11 lorocyprocas
  4 putrid mouths
  7 yellow draconians
  5 black draconians
  2 dire elephants (shapeshifter) (Zig:22)
  7 purple draconians
  The ghost of Nuemoom the Grappler, a journeyman TrSh of Dithmenos (Lair:3)
  A minotaur (Zig:18)
  9 deep elf annihilators
  3 white draconians
  8 spark wasps
  17 iron golems
  2 crystal guardians
  24 wendigos
  9 red draconians
  6 merfolk javelineers
  15 eidola
  17 mummy priests
  7 merfolk impalers
  17 deep elf death magi
  11 green deaths
  12 ettins
  A spectral iron giant (Tar:6)
  21 jiangshi
  6 deep elf high priests
  6 fire dragons
  14 blizzard demons
  Harold (D:9)
  4 rakshasas
  A spectral quicksilver dragon (Tar:6)
  11 yaktaur captains
  15 entropy weavers
  A spriggan zombie (Crypt:1)
  7 hydras
  8 great orbs of eyes
  17 ice dragons
  A quicksilver dragon skeleton (Tomb:2)
  4 caustic shrike simulacra
  2 spriggan air magi (Depths:4)
  30 vault guards
  5 hell beasts
  3 jorogumos
  5 radroaches
  A spriggan skeleton (Depths:2)
  An ogre mage (Vaults:5)
  6 juggernaut simulacra
  2 merfolk avatars
  4 salamander tyrants
  3 two-headed ogres
  4 ironbound frosthearts
  6 centaur warriors
  A sphinx zombie (Depths:3)
  2 alligator snapping turtles (shapeshifter) (Zig:22)
  An alligator snapping turtle (Shoals:2)
  22 death yaks
  8 stokers
  A catoblepas (Shoals:3)
  An anaconda (shapeshifter) (Zig:13)
  7 satyrs
  9 boulder beetles
  An alligator (Zig:7)
  Urug (Lair:2)
  63 death scarabs
  4 merfolk aquamancers
  7 vampire magi
  10 deep troll shamans
  A spectral naga (Crypt:3)
  3 shock serpents (Pan)
  A tengu warrior (Depths:1)
  4 death knights
  3 spriggan berserkers
  A spectral dire elephant (Tar:1)
  29 dancing weapons
  A titan zombie (Depths:3)
  24 hell hogs
  37 sun demons
  8 deep troll earth magi
  4 thrashing horrors
  20 demonic crawlers
  2 holy swine (Abyss:3)
  13 deep elf knights
  2 naga sharpshooters (Zig:12)
  2 occultists
  2 titan skeletons (Pan)
  4 hell knights
  3 orc high priests (Orc:2)
  Nergalle (Lair:1)
  16 crystal echidnas
  23 soul eaters
  A wretched star (Abyss:2)
  16 sea snakes
  23 sixfirhies
  A golden dragon zombie (Depths:3)
  A fire crab (shapeshifter) (Zig:22)
  24 skeletal warriors
  11 pharaoh ants
  3 skysharks
  2 goliath frogs (Zig:7)
  15 shadow wraiths
  9 iron trolls
  5 sun moths
  A death drake (Abyss:2)
  3 quicksilver dragon simulacra
  A spectral anaconda (Tar:7)
  9 flayed ghosts
  A spriggan druid (Zig:7)
  2 bunyip skeletons
  A bunyip zombie (Tomb:3)
  3 swamp dragons (Zig:7)
  51 deep trolls
  A death drake (shapeshifter) (Vaults:5)
  15 ironbound convokers
  An orb spider (shapeshifter) (Zig:13)
  A sea snake (shapeshifter) (Zig:20)
  11 steelbarb worms
  16 orb spiders
  A bog body (Crypt:1)
  11 shadow demons
  An arcanist (Vaults:4)
  3 obsidian statues
  8 spriggan simulacra
  13 deep elf archers
  17 phantasmal warriors
  6 lindwurms
  8 orange crystal statues
  2 glowing orange brains
  A tengu zombie (Depths:3)
  A fenstrider witch simulacrum (Coc:1)
  24 harpies
  5 starcursed masses (Abyss:2)
  22 deep elf pyromancers
  A faun (shapeshifter) (Vaults:5)
  A mana viper (Abyss:2)
  9 necromancers
  A wolf spider (shapeshifter) (Zig:15)
  2 shadow dragon skeletons
  15 orc knights
  22 deep elf zephyrmancers
  A manticore (shapeshifter) (Zig:13)
  8 shining eyes
  31 ugly things
  2 glowing shapeshifters
  20 wolf spiders
  6 cyclopes
  A sphinx simulacrum (Zig:11)
  6 fauns
  5 elephants (Lair:5)
  12 orc sorcerers
  A frost giant skeleton (Depths:3)
  3 cyclopes (shapeshifter)
  17 moths of wrath
  A naga zombie (Crypt:1)
  11 vault sentinels
  4 merfolk sirens (Shoals:4)
  6 black mambas
  An iron dragon skeleton (Tomb:1)
  16 manticores
  12 water nymphs
  2 torpor snails (shapeshifter)
  A spectral centaur (Tar:2)
  7 titan simulacra
  3 rust devils
  4 apocalypse crabs
  An eye of devastation (shapeshifter) (Vaults:5)
  A centaur zombie (Crypt:3)
  4 ice statues
  A molten gargoyle (Hell)
  2 eyes of devastation (Slime:5)
  6 torpor snails
  25 smoke demons
  A gargoyle (D:13)
  14 orange demons
  9 cane toads
  A rime drake (shapeshifter) (Vaults:5)
  A storm dragon simulacrum (Zig:11)
  9 komodo dragons
  A naga skeleton (Tomb:2)
  2 dire elephant skeletons
  2 iron giant simulacra
  3 unseen horrors
  6 rime drakes
  18 hellions
  A spark wasp simulacrum (Zig:6)
  30 tormentors
  A tengu conjurer (D:13)
  5 anaconda simulacra
  A hydra zombie (Tomb:1)
  7 ice devils
  A spectral two-headed ogre (Tar:2)
  A spectral harpy (Crypt:3)
  2 bunyip simulacra (Coc:1)
  38 guardian mummies
  2 kobold demonologists
  A komodo dragon (shapeshifter) (Elf:3)
  21 yaktaurs
  4 ancient zymes
  12 freezing wraiths
  3 red devils
  A green draconian skeleton (Crypt:1)
  A catoblepas skeleton (Pan)
  An efreet (Pan)
  8 trolls
  12 hellwings
  4 meliai
  25 merfolk
  A pale draconian skeleton (Crypt:1)
  A troll (shapeshifter) (Zig:15)
  A hornet (shapeshifter) (D:14)
  3 hornets
  7 wind drakes
  A glass eye (Depths:1)
  5 raiju
  A merfolk (shapeshifter) (Zig:20)
  4 dream sheep (Lair:5)
  A glass eye (shapeshifter) (Vaults:5)
  2 harpy skeletons
  21 tarantellas
  A dream sheep (shapeshifter) (Zig:15)
  28 blink frogs
  An iron dragon simulacrum (Coc:1)
  82 slime creatures
  A jumping spider (shapeshifter) (D:14)
  12 jumping spiders
  3 vampires (Vaults:3)
  2 air elementals
  4 snapping turtles
  2 fire giant simulacra (Depths:2)
  2 culicivoras (shapeshifter)
  16 culicivoras
  78 flying skulls
  2 shadows
  2 centaur simulacra (Coc:1)
  3 naga simulacra (Coc:7)
  7 dire elephant simulacra
  17 yaks
  17 water elementals
  8 wraiths
  An ice dragon skeleton (Tomb:3)
  32 large abominations
  8 wyverns
  20 ynoxinuls
  23 ushabtiu
  Eustachio (D:5)
  A golden eye (shapeshifter) (D:14)
  A redback (shapeshifter) (Vaults:5)
  2 yaks (shapeshifter)
  16 chaos spawn
  2 steam dragons
  23 neqoxecs
  27 redbacks
  3 vampire mosquitoes (D:11)
  11 basilisks
  2 alligator snapping turtle simulacra
  13 harpy simulacra
  11 wargs
  3 acid dragons
  13 hell hounds
  3 hydra simulacra
  15 water moccasins
  50 orc warriors
  3 sky beasts
  A swamp drake (D:10)
  An ice beast (shapeshifter) (Elf:2)
  2 black bears
  3 ice beasts
  2 ettin simulacra
  6 ogres
  3 wolves (Lair:1)
  13 centaurs
  A swamp dragon skeleton (Pan)
  7 bullfrogs
  4 kobold brigands
  An earth elemental (Elf:1)
  2 gnoll sergeants
  A scorpion (D:4)
  6 necrophages
  4 wights (D:7)
  29 small abominations
  12 killer bees (D:9)
  2 electric eels
  A howler monkey (D:6)
  5 hounds
  A jelly (D:7)
  18 orc priests
  5 hell rats (Hell)
  An iguana (D:5)
  19 orc wizards
  A boggart zombie (Crypt:2)
  46 mummies
  11 adders
  11 gnolls
  2 shadow imps
  3 white imps
  4 ufetubi
  4 worms
  2 dart slugs
  95 orcs
  4 bats
  9 endoplasms
  A giant cockroach (D:4)
  6 goblins
  8 hobgoblins
  7 jackals (D:4)
  21 kobolds
  4 quokkas
  6 ball pythons
  A dart slug zombie (Crypt:1)
  2 frilled lizards
  4 rats
  2 ball lightnings (Pan)
  8 creeping infernos
  31 fire vortices
  A starspawn tentacle (Abyss:2)
  8 tentacles
3732 creatures vanquished.

Vanquished Creatures (collateral kills)
  A Killer Klown (Zig:22)
  2 caustic shrikes
  2 Tzitzimimeh
  A hellephant (Geh:3)
  A tainted leviathan (Tar:7)
  An Orb Guardian (Zot:5)
  A titan (Zig:20)
  An acid blob (Slime:1)
  A revenant (Crypt:1)
  A demonspawn warmonger (Pan)
  2 emperor scorpions (Spider:4)
  A ghoul (Crypt:1)
  2 ghost moths (Zig:21)
  A frost giant (Dis:5)
  A cacodemon (Pan)
  A demonspawn corrupter (Pan)
  A formless jellyfish (Slime:3)
  A broodmother (Spider:4)
  A war gargoyle (Vaults:5)
  A green draconian (Zot:2)
  2 quicksilver oozes
  A vampire knight (Crypt:1)
  A purple draconian (Zot:4)
  2 yellow draconians (Zot:5)
  A dancing weapon (Dis:5)
  A deep troll (Depths:1)
  3 orb spiders
  A stone giant zombie (Depths:2)
  A torpor snail (Zig:19)
  A cane toad (Lair:3)
  A meliai (shapeshifter) (Depths:1)
  A hellwing (Pan)
  A guardian mummy (Tomb:1)
  2 tarantellas
  3 slime creatures
  A culicivora (Spider:2)
  A large abomination (Pan)
  A golden eye (Zot:5)
  5 redbacks
  A neqoxec (Pan)
  A chaos spawn (Pan)
  2 harpy simulacra
  A water moccasin (Lair:3)
  A black bear (Lair:3)
  A glowing shapeshifter simulacrum (Depths:3)
  A hell rat (Hell)
  2 mummies (Tomb:1)
64 creatures vanquished.

Vanquished Creatures (others)
  A shard shrike simulacrum (Coc:7)
  2 caustic shrike simulacra
  2 harpy simulacra
  A boggart (Vaults:2)
  A ball lightning (Pan)
  961 fire vortices
  A starspawn tentacle (Abyss:2)
  8 tentacles
977 creatures vanquished.

Grand Total: 4773 creatures vanquished

Notes
Turn   | Place    | Note
-------+----------+-------------------------------------------
     0 | D:1      | PurpleRed the Deep Elf Brigand began the quest for the Orb.
     0 | D:1      | Reached XP level 1. HP: 12/12 MP: 3/3
    56 | D:1      | Reached skill level 1 in Spellcasting
    75 | D:1      | Reached skill level 2 in Spellcasting
    91 | D:2      | Reached XP level 2. HP: 16/16 MP: 7/7
   162 | D:3      | Reached skill level 3 in Spellcasting
   399 | D:1      | Reached XP level 3. HP: 20/20 MP: 10/10
   607 | D:2      | Reached skill level 4 in Spellcasting
   760 | D:2      | You fall into a shaft and drop 1 floor!
   797 | D:3      | Found a sacrificial altar of Ru.
   838 | D:3      | Reached skill level 5 in Spellcasting
   838 | D:3      | Reached XP level 4. HP: 19/25 MP: 13/13
   842 | D:3      | Reached skill level 1 in Conjurations
  1220 | D:3      | Reached XP level 5. HP: 14/29 MP: 14/14
  1489 | D:5      | Entered Level 5 of the Dungeon
  1489 | D:5      | Noticed Grinder
  1489 | D:5      | Noticed an ogre
  1754 | D:5      | Killed an ogre
  1755 | D:5      | Reached skill level 5 in Conjurations
  1755 | D:5      | Reached XP level 6. HP: 34/34 MP: 15/15
  1761 | D:5      | Learned a level 5 spell: Irradiate
  1840 | D:4      | Found a white marble altar of Elyvilon.
  1919 | D:4      | Reached skill level 1 in Transmutations
  2211 | D:5      | Reached XP level 7. HP: 27/38 MP: 15/17
  2305 | D:5      | Found a staircase to the Ecumenical Temple.
  2311 | Temple   | Entered the Ecumenical Temple
  2324 | Temple   | Became a worshipper of Vehumet
  2383 | D:6      | Learned a level 3 spell: Stone Arrow
  2388 | D:6      | Identified the +0 leather armour of Vaew {Harm Int+3}
  2408 | D:6      | Reached skill level 1 in Earth Magic
  2491 | D:5      | Found Zin's Purification Station.
  2491 | D:5      | Found a glowing silver altar of Zin.
  2542 | D:5      | Noticed Eustachio
  2573 | D:5      | Killed Eustachio
  2624 | D:5      | Learned a level 2 spell: Sublimation of Blood
  2790 | D:6      | Reached skill level 1 in Necromancy
  2790 | D:6      | Reached XP level 8. HP: 43/43 MP: 5/18
  2900 | D:5      | Reached skill level 6 in Spellcasting
  3027 | D:6      | Found a shadowy altar of Dithmenos.
  3140 | D:6      | Found a sparkling altar of Nemelex Xobeh.
  3197 | D:6      | Reached * piety under Vehumet
  3197 | D:6      | Offered knowledge of Magic Dart by Vehumet.
  3276 | D:7      | Reached skill level 7 in Spellcasting
  3331 | D:7      | Learned a level 4 spell: Brom's Barrelling Boulder
  3335 | D:7      | Learned a level 3 spell: Mephitic Cloud
  3386 | D:7      | Reached skill level 8 in Spellcasting
  3478 | D:7      | Reached XP level 9. HP: 47/47 MP: 12/23
  3491 | D:7      | Found an opulent altar of Gozag.
  3559 | D:7      | Found an ancient bone altar of Kikubaaqudgha.
  3633 | D:7      | Found a bloodstained altar of Trog.
  3745 | D:8      | Reached ** piety under Vehumet
  3745 | D:8      | Offered knowledge of Poisonous Vapours by Vehumet.
  3912 | D:9      | Noticed a komodo dragon
  3917 | D:9      | Killed a komodo dragon
  3918 | D:9      | Reached skill level 5 in Necromancy
  3927 | D:9      | Noticed Harold
  3934 | D:9      | Killed Harold
  3935 | D:9      | Reached skill level 9 in Spellcasting
  3935 | D:9      | Reached skill level 10 in Conjurations
  3978 | D:8      | Reached skill level 10 in Spellcasting
  4027 | D:9      | Offered knowledge of Momentum Strike by Vehumet.
  4036 | D:8      | Reached XP level 10. HP: 52/52 MP: 21/26
  4138 | D:9      | Reached *** piety under Vehumet
  4226 | D:9      | Reached skill level 1 in Fire Magic
  4287 | D:9      | Found a staircase to the Lair.
  4352 | D:10     | Entered Level 10 of the Dungeon
  4354 | D:10     | Found Jipp's Distillery.
  4400 | D:10     | Offered knowledge of Ignite Poison by Vehumet.
  4428 | D:10     | Found a portal to a secret trove of treasure.
  4483 | D:10     | Found a basalt altar of Yredelemnul.
  4483 | D:10     | Found a snail-covered altar of Cheibriados.
  4487 | D:10     | Found a shimmering altar of Xom.
  4527 | D:10     | Found a hide-covered altar of Uskayaw.
  4543 | D:10     | Found a runed translucent gate.
  4544 | D:10     | Found a runed translucent gate.
  4544 | D:10     | Noticed Hug's ghost (novice VSBr)
  4544 | D:10     | Noticed a gargoyle
  4570 | D:10     | Found a runed translucent gate.
  4633 | D:10     | Found a burning altar of Makhleb.
  4713 | D:10     | Learned a level 1 spell: Apportation
  4897 | D:14     | Noticed a cyan ugly thing
  4899 | D:14     | Noticed a green ugly thing
  4899 | D:14     | Noticed a green ugly thing
  4899 | D:14     | Noticed a green ugly thing
  4901 | D:14     | Noticed a green ugly thing
  5162 | D:11     | Reached skill level 5 in Fire Magic
  5167 | D:11     | Reached **** piety under Vehumet
  5188 | D:11     | Reached XP level 11. HP: 60/60 MP: 19/27
  5214 | D:12     | Noticed a two-headed ogre
  5218 | D:12     | Reached skill level 5 in Dodging
  5333 | D:12     | Noticed a two-headed ogre
  5337 | D:12     | Killed a two-headed ogre
  5436 | D:11     | Offered knowledge of Hailstorm by Vehumet.
  5452 | D:11     | Learned a level 3 spell: Hailstorm
  5519 | D:11     | Noticed a two-headed ogre
  5522 | D:11     | Killed a two-headed ogre
  5875 | D:10     | Bought a potion of curing for 45 gold pieces
  5875 | D:10     | Bought a potion of haste for 150 gold pieces
  6198 | D:10     | Found a staircase to the Orcish Mines.
  6298 | Lair:1   | Entered Level 1 of the Lair of Beasts
  6298 | Lair:1   | Noticed Nergalle
  6300 | Lair:1   | Killed Nergalle
  6340 | Lair:1   | Reached skill level 1 in Armour
  6345 | Lair:1   | Noticed a boulder beetle
  6355 | Lair:1   | Killed a boulder beetle
  6427 | Lair:1   | Noticed a death yak
  6429 | Lair:1   | Noticed a death yak
  6429 | Lair:1   | Noticed a death yak
  6431 | Lair:1   | Noticed a death yak
  6446 | Lair:1   | Noticed a death yak
  6447 | Lair:1   | Killed a death yak
  6448 | Lair:1   | Reached skill level 11 in Spellcasting
  6449 | Lair:1   | Killed a death yak
  6462 | Lair:1   | Noticed a death yak
  6468 | Lair:1   | Killed a death yak
  6469 | Lair:1   | Reached XP level 12. HP: 33/67 MP: 23/29
  6496 | Lair:1   | Killed a death yak
  6516 | Lair:1   | Killed a death yak
  6523 | Lair:1   | Killed a death yak
  6663 | Lair:1   | Reached skill level 5 in Fighting
  6693 | Lair:2   | Noticed Urug
  6702 | Lair:2   | Killed Urug
  6863 | Lair:2   | Reached ***** piety under Vehumet
  6870 | Lair:2   | Reached skill level 1 in Translocations
  6943 | Lair:2   | Offered knowledge of Freezing Cloud by Vehumet.
  6952 | Lair:2   | Learned a level 5 spell: Freezing Cloud
  7000 | Lair:2   | Found a hole to the Spider Nest.
  7102 | Lair:3   | Noticed a six-headed hydra
  7102 | Lair:3   | Noticed a seven-headed hydra
  7293 | Lair:3   | Found a staircase to the Shoals.
  7336 | Lair:3   | Killed a seven-headed hydra
  7337 | Lair:3   | Reached skill level 12 in Spellcasting
  7356 | Lair:3   | Killed a six-headed hydra
  7391 | Lair:3   | Found a transporter.
  7395 | Lair:3   | Noticed Nuemoom's ghost (journeyman TrSh)
  7396 | Lair:3   | Noticed a five-headed hydra
  7400 | Lair:3   | Noticed a death yak
  7503 | Lair:4   | Noticed a boulder beetle
  7527 | Lair:3   | Reached XP level 13. HP: 74/74 MP: 31/31
  7605 | Lair:5   | Identified the "Zoetioc"
  7605 | Lair:5   | Entered Level 5 of the Lair of Beasts
  7666 | Lair:5   | Reached skill level 15 in Conjurations
  7790 | Lair:5   | Reached skill level 13 in Spellcasting
  7790 | Lair:5   | Reached skill level 10 in Fire Magic
  8045 | Lair:5   | Offered knowledge of Yara's Violent Unravelling by Vehumet.
  8058 | Lair:5   | Found a staircase to the Slime Pits.
  8058 | Lair:5   | Found a viscous altar of Jiyva.
  8125 | Lair:5   | Reached skill level 14 in Spellcasting
  8244 | Lair:5   | Reached XP level 14. HP: 53/80 MP: 24/34
  8432 | Lair:5   | Found a corrupted altar of Lugonu.
  8432 | Lair:5   | Found a one-way gate to the infinite horrors of the Abyss.
  8687 | Orc:1    | Identified the of Esuhom
  8687 | Orc:1    | Entered Level 1 of the Orcish Mines
  8789 | Orc:2    | Entered Level 2 of the Orcish Mines
  8864 | Orc:2    | Found a staircase to the Elven Halls.
  8878 | Orc:2    | Found Yptapt's Book Shop.
  8930 | Orc:2    | Bought a book of the Spheres for 960 gold pieces
  8936 | Orc:2    | Learned a level 5 spell: Fireball
  8944 | Orc:2    | Learned a level 7 spell: Orb of Destruction
  8958 | Orc:2    | Noticed an orc warlord
  8966 | Orc:2    | Killed an orc warlord
  8978 | Orc:2    | Found Kigext's Antique Weapon Shop.
  9090 | Orc:1    | Paralysed by an orc sorcerer for 4 turns
  9123 | Orc:1    | Reached skill level 15 in Spellcasting
  9147 | Orc:1    | Reached ****** piety under Vehumet
  9148 | Orc:1    | Offered knowledge of Plasma Beam by Vehumet.
  9155 | Orc:1    | Noticed an orc warlord
  9156 | Orc:1    | Noticed an orc warlord
  9168 | Orc:1    | Killed an orc warlord
  9170 | Orc:1    | Killed an orc warlord
  9323 | Orc:1    | Identified a ring "Qoracusk" {rPois rF+ rN+ EV+5 Dex+8}
  9371 | Orc:1    | Identified the +0 quarterstaff of the Freezing Traitor
                  | {holy, rElec rF++ rN++}
  9374 | Orc:1    | Identified the +2 scale mail "Araokau" {rPois Str+9 Int-2}
  9405 | Orc:1    | Identified the +5 chain mail "Lacwecev" {Harm Will- Slay-4
                  | SInv}
  9544 | Orc:2    | Found Moafokk's Antique Armour Shop.
  9583 | Orc:2    | Found Vuteofom's General Store.
  9610 | Orc:2    | Learned a level 4 spell: Iskenderun's Mystic Blast
  9938 | D:14     | Noticed Nessos
  9975 | D:13     | Offered knowledge of Lee's Rapid Deconstruction by Vehumet.
 10080 | D:13     | Noticed an ironbound preserver
 10084 | D:13     | Reached XP level 15. HP: 59/86 MP: 30/36
 10097 | D:13     | Found a gate to the Vaults.
 10216 | D:14     | Reached skill level 16 in Spellcasting
 10458 | D:15     | Entered Level 15 of the Dungeon
 10835 | D:15     | Found Puczyggyam's Antique Weapon Emporium.
 10880 | D:15     | Found a staircase to the Depths.
 11140 | Orc:2    | Bought a manual of Fighting for 1200 gold pieces
 11155 | Crypt:3  | Identified the of Jokanaaj
 11155 | Elf:1    | Entered Level 1 of the Elven Halls
 11389 | Elf:3    | Identified the "Peicew"
 11389 | Elf:3    | Identified the "Tatel"
 11389 | Elf:3    | Entered Level 3 of the Elven Halls
 11393 | Elf:3    | Reached skill level 1 in Shields
 11393 | Elf:3    | Reached skill level 17 in Spellcasting
 11755 | Elf:3    | Noticed a deep elf master archer
 11781 | Elf:3    | Noticed a deep elf master archer
 11782 | Elf:3    | Noticed a deep elf master archer
 11789 | Elf:3    | Killed a deep elf master archer
 11790 | Elf:3    | Reached skill level 10 in Dodging
 11795 | Elf:3    | Killed a deep elf master archer
 11796 | Elf:3    | Reached skill level 18 in Spellcasting
 11796 | Elf:3    | Reached XP level 16. HP: 83/92 MP: 5/40
 11810 | Elf:3    | Reached skill level 15 in Fire Magic
 11818 | Elf:3    | Offered knowledge of Arcjolt by Vehumet.
 11900 | Elf:3    | Noticed a deep elf blademaster
 11912 | Elf:3    | Killed a deep elf blademaster
 11931 | Elf:3    | Noticed a deep elf blademaster
 11933 | Elf:3    | Killed a deep elf blademaster
 11936 | Elf:3    | Noticed a deep elf master archer
 11940 | Elf:3    | Killed a deep elf master archer
 11944 | Elf:3    | Killed a deep elf master archer
 12227 | Elf:3    | Identified the +7 scimitar of Extinguishment {heavy, Will+
                  | Str+3}
 12229 | Elf:3    | Identified the +5 war axe "Hulk" {freeze, Fly rC++ Str+3}
 12230 | Elf:3    | Identified the +9 great mace "Ofoimmom" {antimagic, rElec
                  | Str-2 Dex+9}
 12268 | Elf:3    | Identified the +7 sling of Quick Death {speed, rN+ Str+2
                  | Dex+2}
 12271 | Elf:3    | Identified the ring of the Bespelled God {Fire rElec rPois
                  | Int+5 Dex-5}
 12291 | Elf:3    | Identified the +5 arbalest "Trog's Scorn" {elec, rC+ Str+2}
 12321 | Elf:3    | Reached skill level 10 in Fighting
 12354 | Elf:3    | Identified a scroll of acquirement
 12363 | Elf:3    | Identified the +7 orcbow of Blood {heavy, Will- rCorr MP+9
                  | Int+4}
 12397 | Elf:3    | Identified the +3 shortbow of Unpleasantness {elec, Int+2}
 12415 | Elf:3    | Learned a level 9 spell: Fire Storm
 12620 | Elf:1    | Reached XP level 17. HP: 103/103 MP: 38/41
 12631 | Elf:1    | Offered knowledge of Ozocubu's Refrigeration by Vehumet.
 12740 | Elf:1    | Acquired the +0 cloak of Pathos {rN+ Will+ Int+3}
 13057 | Lair:3   | Found a transporter.
 13063 | Lair:3   | Killed Nuemoom's ghost
 13147 | Shoals:1 | Entered Level 1 of the Shoals
 13439 | Shoals:3 | Noticed Polyphemus
 13441 | Shoals:3 | Killed Polyphemus
 13441 | Shoals:3 | Offered knowledge of Ignition by Vehumet.
 13457 | Shoals:2 | Learned a level 8 spell: Ignition
 13568 | Shoals:3 | Killed a kraken
 13594 | Shoals:4 | Entered Level 4 of the Shoals
 13604 | Shoals:4 | Reached skill level 19 in Spellcasting
 13607 | Shoals:4 | Noticed a kraken
 13870 | Shoals:4 | Reached XP level 18. HP: 99/112 MP: 33/43
 13884 | Shoals:4 | Offered knowledge of Lehudib's Crystal Spear by Vehumet.
 13884 | Shoals:4 | Offered knowledge of Polar Vortex by Vehumet.
 13983 | Shoals:4 | Reached skill level 20 in Spellcasting
 14125 | Shoals:4 | Got a barnacled rune of Zot
 14344 | Zot:1    | Identified the of Juelaqew
 14344 | Zot:4    | Identified the of Jaxea
 14344 | Zot:4    | Identified the of Qodeb
 14344 | Slime:1  | Entered Level 1 of the Pits of Slime
 14516 | Slime:5  | Identified the "Fexotunge"
 14516 | Slime:5  | Identified the "Wuoropul"
 14516 | Slime:5  | Identified the "Plog"
 14516 | Slime:5  | Identified the of Plog
 14516 | Slime:5  | Entered Level 5 of the Pits of Slime
 14630 | Slime:5  | Noticed the Royal Jelly
 14634 | Slime:5  | Killed the Royal Jelly
 14762 | Slime:5  | Identified the +2 falchion "Eribb" {antimagic, *Corrode rC+
                  | Will+}
 14791 | Slime:5  | Got a slimy rune of Zot
 14796 | Slime:5  | Identified the +1 tower shield of Vulleprukk {Harm *Slow
                  | rC- rCorr}
 14864 | Slime:5  | Identified the +3 glaive of the Moth {protect, Int+5
                  | Stlth+}
 14903 | Slime:5  | Identified the +7 arbalest of Righteous Fury {drain, Str+3}
 14992 | Slime:3  | Reached XP level 19. HP: 120/120 MP: 29/45
 15229 | Spider:1 | Entered Level 1 of the Spider Nest
 15233 | Spider:1 | Noticed Donald
 15235 | Spider:1 | Killed Donald
 15561 | Spider:3 | Found a runed translucent door.
 15562 | Spider:3 | Noticed Inutadom's ghost (adept DsIE)
 15569 | Spider:3 | Reached skill level 21 in Spellcasting
 15579 | Spider:4 | Entered Level 4 of the Spider Nest
 16095 | Spider:4 | Got a gossamer rune of Zot
 16106 | Spider:4 | Identified the +0 hat of Xapnah {Int+3}
 16535 | Vaults:1 | Entered Level 1 of the Vaults
 16635 | Vaults:2 | Reached XP level 20. HP: 127/127 MP: 32/47
 16747 | Vaults:2 | Noticed Jory
 16749 | Vaults:2 | Killed Jory
 16791 | Vaults:2 | Reached skill level 22 in Spellcasting
 17187 | Vaults:4 | Reached skill level 5 in Earth Magic
 17205 | Vaults:4 | Learned a level 8 spell: Lehudib's Crystal Spear
 17295 | Vaults:5 | Entered Level 5 of the Vaults
 17296 | Vaults:5 | Noticed a dread lich
 17298 | Vaults:5 | Killed a dread lich
 17309 | Vaults:5 | Reached XP level 21. HP: 132/132 MP: 49/49
 17322 | Vaults:5 | Noticed a golden dragon
 17330 | Vaults:5 | Killed a golden dragon
 17330 | Vaults:5 | Noticed a golden dragon
 17332 | Vaults:5 | Killed a golden dragon
 17332 | Vaults:5 | Killed a golden dragon
 17346 | Vaults:5 | Noticed a golden dragon
 17348 | Vaults:5 | Killed a golden dragon
 17351 | Vaults:5 | Noticed a golden dragon
 17355 | Vaults:5 | Killed a golden dragon
 17365 | Vaults:5 | Reached skill level 10 in Earth Magic
 17470 | Vaults:5 | Reached skill level 23 in Spellcasting
 17553 | Vaults:5 | Identified the +0 ice dragon scales of Tyvvaeck {rElec rF-
                  | rC++ Str+5 Dex-4 SInv}
 17555 | Vaults:5 | Got a silver rune of Zot
 17566 | Vaults:5 | Noticed a golden dragon
 17569 | Vaults:5 | Killed a golden dragon
 17640 | Vaults:5 | Identified the +1 leather armour of the Earth {MP+9}
 17864 | Vaults:5 | Found the +3 warlock's mirror {omnireflect}
 18304 | D:14     | Killed Nessos
 18367 | Depths:1 | Entered Level 1 of the Depths
 18428 | Depths:1 | Found a one-way gate leading to the halls of Pandemonium.
 18440 | Depths:1 | Found a gateway to Hell.
 18489 | Depths:2 | Reached XP level 22. HP: 127/137 MP: 36/51
 18558 | Depths:3 | Found a one-way gateway to a ziggurat.
 18594 | Tomb:3   | Identified the "Melaylem"
 18594 | Tar:7    | Identified the "Haber"
 18594 | Tar:7    | Identified the of Fiabymis
 18594 | Coc:7    | Identified the "Ociku"
 18594 | Dis:7    | Identified the of Tasot
 18594 | Geh:7    | Identified the "Daanuc"
 18594 | Zig:1    | Entered Level 1 of a ziggurat
 18611 | Zig:2    | Entered Level 2 of a ziggurat
 18626 | Zig:3    | Entered Level 3 of a ziggurat
 18646 | Zig:4    | Entered Level 4 of a ziggurat
 18648 | Zig:4    | Noticed a shard shrike
 18649 | Zig:4    | Killed a shard shrike
 18649 | Zig:4    | Killed a shard shrike
 18658 | Zig:4    | Identified the ring "Tyvitiosk" {rElec MP+9 Slay-4 SInv
                  | Stlth+}
 18663 | Zig:4    | Identified the ring "Amoiv" {Contam rF+ Will++ rCorr Str+2}
 18679 | Zig:4    | Learned a level 9 spell: Shatter
 18680 | Zig:5    | Entered Level 5 of a ziggurat
 18697 | Zig:5    | Reached XP level 23. HP: 142/142 MP: 49/52
 18699 | Zig:6    | Entered Level 6 of a ziggurat
 18720 | Zig:7    | Entered Level 7 of a ziggurat
 18727 | Zig:7    | Reached skill level 1 in Shapeshifting
 18729 | Zig:7    | Reached skill level 5 in Shields
 18729 | Zig:7    | Reached skill level 24 in Spellcasting
 18744 | Zig:8    | Entered Level 8 of a ziggurat
 18765 | Zig:9    | Entered Level 9 of a ziggurat
 18798 | Zig:9    | Reached XP level 24. HP: 148/148 MP: 53/53
 18801 | Zig:10   | Entered Level 10 of a ziggurat
 18808 | Zig:10   | Noticed a dread lich
 18810 | Zig:10   | Killed a dread lich
 18811 | Zig:10   | Reached skill level 15 in Earth Magic
 18824 | Zig:10   | Reached skill level 5 in Shapeshifting
 18824 | Zig:10   | Reached XP level 25. HP: 152/152 MP: 52/53
 18828 | Zig:11   | Identified the "Dichuev"
 18828 | Zig:11   | Entered Level 11 of a ziggurat
 18837 | Zig:11   | Found the +2 pair of slick slippers {slick, slippery, EV+4}
 18861 | Zig:11   | Identified the staff of the Shrinking Ass {rElec rPois
                  | rCorr Dex+2 SInv Poison}
 18864 | Zig:11   | Identified the ring "Ygaos" {rPois MP+9 Int+3}
 18870 | Zig:12   | Entered Level 12 of a ziggurat
 18887 | Zig:12   | Found the +7 sceptre of Torment {pain, torment}
 18893 | Zig:12   | Identified the staff "Lace" {Fragile rC+ rN+ Will- Str+9
                  | Dex+3 Ice}
 18895 | Zig:12   | Reached XP level 26. HP: 145/158 MP: 53/53
 18899 | Zig:13   | Identified the "Niurutui"
 18899 | Zig:13   | Identified the of Dewietoi
 18899 | Zig:13   | Entered Level 13 of a ziggurat
 18908 | Zig:13   | Noticed a dread lich
 18909 | Zig:13   | Killed a dread lich
 18918 | Zig:13   | Identified the amulet "Woahy" {Spirit rF- Will+++ Int-2
                  | Dex+5}
 18922 | Zig:13   | Identified the +7 halberd of the Feeding Gods {freeze,
                  | rCorr Str+4}
 18926 | Zig:14   | Entered Level 14 of a ziggurat
 18936 | Zig:14   | Reached XP level 27. HP: 133/163 MP: 53/53
 18948 | Zig:14   | Identified the staff of Anxiety {rPois rN+ Dex+3 Necro}
 18952 | Zig:14   | Identified the +5 flail "Tozuruus" {heavy, *Rage rPois
                  | rCorr Int-4 Dex+6}
 18957 | Zig:14   | Identified the amulet of Zotegg {Spirit rPois MP+9}
 18959 | Zig:15   | Entered Level 15 of a ziggurat
 18970 | Zig:15   | Reached skill level 10 in Shapeshifting
 18971 | Zig:15   | Killed a dread lich
 18981 | Zig:15   | Identified the amulet of the Rabble {Acrobat Int+2}
 18994 | Zig:16   | Identified the "Nois"
 18994 | Zig:16   | Entered Level 16 of a ziggurat
 19003 | Zig:16   | Noticed an ancient lich
 19005 | Zig:16   | Killed an ancient lich
 19024 | Zig:16   | Identified the +6 ring mail of Fortitude {Int+6}
 19025 | Zig:16   | Identified the +3 leather armour of Failure {*Corrode rF+
                  | Int+3 Dex+4}
 19030 | Zig:16   | Identified the amulet of Obiwkimm {Reflect rElec rC+ Str-3
                  | Slay+5 SH+5}
 19037 | Zig:17   | Identified the "Tothesk"
 19037 | Zig:17   | Entered Level 17 of a ziggurat
 19136 | Zig:18   | Entered Level 18 of a ziggurat
 19149 | Zig:18   | Reached skill level 15 in Shapeshifting
 19161 | Zig:18   | Killed Xaune the pandemonium lord
 19175 | Zig:18   | Identified the ring of Hepliaklqana's Whim {rN+ Will+ Int+5
                  | Dex+2}
 19183 | Zig:18   | Identified the staff of Abomination {rPois rF+ Str+3 Fire}
 19188 | Zig:18   | Identified the +7 great sword "Demon's Death Toll" {chaos,
                  | rC+ Int+2}
 19190 | Zig:19   | Identified the "Cokhonyeha"
 19190 | Zig:19   | Entered Level 19 of a ziggurat
 19253 | Zig:19   | Identified the amulet "Irak" {Spirit -Tele Rampage Will+
                  | SInv}
 19261 | Zig:19   | Identified the +3 spear of the Bursted God {speed, Will+}
 19272 | Zig:20   | Identified the "Vargh"
 19272 | Zig:20   | Entered Level 20 of a ziggurat
 19282 | Zig:20   | Noticed an ancient lich
 19284 | Zig:20   | Killed an ancient lich
 19287 | Zig:20   | Noticed an ancient lich
 19288 | Zig:20   | Noticed a dread lich
 19289 | Zig:20   | Killed an ancient lich
 19291 | Zig:20   | Killed a dread lich
 19291 | Zig:20   | Killed a dread lich
 19293 | Zig:20   | Noticed a dread lich
 19293 | Zig:20   | Found the +7 captain's cutlass {speed, disarm}
 19295 | Zig:20   | Killed a dread lich
 19296 | Zig:20   | Reached skill level 15 in Fighting
 19296 | Zig:20   | Found the +11 plutonium sword {Contam Stlth-}
 19303 | Zig:20   | Identified the ring "Nidid" {Str+2 Dex+6 Stlth+}
 19309 | Zig:20   | Identified the staff "Oqusm" {rElec rF+ rN+ Dex+2 Air}
 19312 | Zig:20   | Identified the ring "Oharubet" {rC+ rCorr Str+7 Int-4
                  | Dex-4}
 19313 | Zig:20   | Identified the amulet "Qaur" {Spirit Dex+4}
 19332 | Zig:21   | Entered Level 21 of a ziggurat
 19387 | Zig:21   | Identified the +2 scale mail "Keum" {rElec}
 19392 | Zig:21   | Identified the staff "Elf's Foe" {rPois rN+ Will+ Dex+3
                  | Necro}
 19421 | Zig:22   | Identified the "Monivo"
 19421 | Zig:22   | Identified the of Gonir
 19421 | Zig:22   | Entered Level 22 of a ziggurat
 19434 | Zig:22   | Noticed Lyschoena the pandemonium lord
 19434 | Zig:22   | Noticed Ceg Gynn the pandemonium lord
 19435 | Zig:22   | Noticed Borghalem the pandemonium lord
 19435 | Zig:22   | Noticed Eqeaxti the pandemonium lord
 19437 | Zig:22   | Noticed Ugerolal the pandemonium lord
 19438 | Zig:22   | Killed Lyschoena the pandemonium lord
 19439 | Zig:22   | Killed Foneph the pandemonium lord
 19440 | Zig:22   | Killed Eqeaxti the pandemonium lord
 19440 | Zig:22   | Killed Ugerolal the pandemonium lord
 19442 | Zig:22   | Noticed Noposs the pandemonium lord
 19442 | Zig:22   | Noticed Wessout the pandemonium lord
 19443 | Zig:22   | Killed Ceg Gynn the pandemonium lord
 19443 | Zig:22   | Noticed Xulaun the pandemonium lord
 19444 | Zig:22   | Killed Borghalem the pandemonium lord
 19445 | Zig:22   | Noticed Ireet the pandemonium lord
 19445 | Zig:22   | Killed Xulaun the pandemonium lord
 19446 | Zig:22   | Killed Wessout the pandemonium lord
 19447 | Zig:22   | Killed Ireet the pandemonium lord
 19447 | Zig:22   | Killed Kaipy the pandemonium lord
 19453 | Zig:22   | Killed Noposs the pandemonium lord
 19454 | Zig:22   | Noticed Gariwnao the pandemonium lord
 19455 | Zig:22   | Killed Gariwnao the pandemonium lord
 19469 | Zig:22   | Found the +3 giant club "Skullcrusher" {speed, Str+7}
 19480 | Zig:22   | Identified the ring "Moclest" {Fly rCorr Slay+2}
 19482 | Zig:22   | Identified the +1 leather armour of Minor Irritation
                  | {Str+4}
 19505 | Depths:3 | Learned a level 2 spell: Blink
 19515 | Depths:3 | Learned a level 9 spell: Polar Vortex
 19871 | Vaults:3 | Found a staircase to the Crypt.
 19902 | Crypt:1  | Entered Level 1 of the Crypt
 19954 | Crypt:1  | Noticed a dread lich
 19975 | Crypt:1  | Killed a dread lich
 19988 | Crypt:1  | Noticed an ancient lich
 19990 | Crypt:1  | Killed an ancient lich
 19994 | Crypt:1  | Found a transporter.
 20032 | Crypt:1  | Reached skill level 1 in Ice Magic
 20068 | Crypt:3  | Entered Level 3 of the Crypt
 20124 | Crypt:3  | Found an ancient bone altar of Kikubaaqudgha.
 20135 | Crypt:3  | Reached skill level 5 in Ice Magic
 20137 | Crypt:3  | Reached skill level 5 in Armour
 20229 | Crypt:3  | Noticed a dread lich
 20232 | Crypt:3  | Killed a dread lich
 20257 | Crypt:3  | Found a staircase to the Tomb.
 20274 | Tomb:1   | Entered Level 1 of the Tomb of the Ancients
 20293 | Tomb:1   | Noticed a royal mummy
 20293 | Tomb:1   | Noticed a royal mummy
 20294 | Tomb:1   | Noticed a royal mummy
 20294 | Tomb:1   | Noticed a royal mummy
 20295 | Tomb:1   | Killed a royal mummy
 20296 | Tomb:1   | Killed a royal mummy
 20296 | Tomb:1   | Killed a royal mummy
 20298 | Tomb:1   | Killed a royal mummy
 20339 | Tomb:1   | Noticed a royal mummy
 20342 | Tomb:1   | Killed a royal mummy
 20344 | Tomb:1   | Noticed a royal mummy
 20346 | Tomb:1   | Killed a royal mummy
 20383 | Tomb:1   | Noticed a royal mummy
 20388 | Tomb:1   | Killed a royal mummy
 20392 | Tomb:1   | Noticed a royal mummy
 20396 | Tomb:1   | Killed a royal mummy
 20397 | Tomb:1   | Reached skill level 10 in Ice Magic
 20399 | Tomb:1   | Noticed a royal mummy
 20401 | Tomb:1   | Noticed a royal mummy
 20410 | Tomb:1   | Killed a royal mummy
 20411 | Tomb:1   | Reached skill level 15 in Dodging
 20416 | Tomb:1   | Killed a royal mummy
 20471 | Tomb:1   | Noticed a royal mummy
 20472 | Tomb:1   | Noticed a royal mummy
 20476 | Tomb:1   | Killed a royal mummy
 20478 | Tomb:1   | Killed a royal mummy
 20534 | Tomb:1   | Noticed a royal mummy
 20536 | Tomb:1   | Noticed a royal mummy
 20537 | Tomb:1   | Killed a royal mummy
 20537 | Tomb:1   | Noticed a royal mummy
 20538 | Tomb:1   | Noticed a royal mummy
 20540 | Tomb:1   | Noticed a royal mummy
 20541 | Tomb:1   | Killed a royal mummy
 20541 | Tomb:1   | Killed a royal mummy
 20541 | Tomb:1   | Killed a royal mummy
 20541 | Tomb:1   | Noticed a royal mummy
 20543 | Tomb:1   | Killed a royal mummy
 20543 | Tomb:1   | Killed a royal mummy
 20563 | Tomb:1   | Noticed a royal mummy
 20567 | Tomb:1   | Killed a royal mummy
 20615 | Tomb:2   | Identified the +3 robe of the Harvest Moon {Str+5 Dex-4}
 20696 | Tomb:3   | Entered Level 3 of the Tomb of the Ancients
 20706 | Tomb:3   | Noticed a royal mummy
 20706 | Tomb:3   | Noticed a royal mummy
 20708 | Tomb:3   | Reached skill level 25 in Spellcasting
 20709 | Tomb:3   | Killed a royal mummy
 20709 | Tomb:3   | Noticed a royal mummy
 20710 | Tomb:3   | Killed a royal mummy
 20710 | Tomb:3   | Noticed a royal mummy
 20711 | Tomb:3   | Killed a royal mummy
 20715 | Tomb:3   | Killed a royal mummy
 20720 | Tomb:3   | Noticed a royal mummy
 20724 | Tomb:3   | Killed a royal mummy
 20725 | Tomb:3   | Reached skill level 15 in Ice Magic
 20725 | Tomb:3   | Noticed a royal mummy
 20730 | Tomb:3   | Noticed a royal mummy
 20731 | Tomb:3   | Killed a royal mummy
 20735 | Tomb:3   | Noticed a royal mummy
 20736 | Tomb:3   | Killed a royal mummy
 20737 | Tomb:3   | Reached skill level 10 in Armour
 20738 | Tomb:3   | Killed a royal mummy
 20743 | Tomb:3   | Noticed a royal mummy
 20747 | Tomb:3   | Killed a royal mummy
 20753 | Tomb:3   | Got a golden rune of Zot
 20806 | Tomb:3   | Identified the ring of Qeamae {rPois rN+}
 20807 | Tomb:3   | Identified the +11 rapier "Inlebehu" {elec, +Blink rN+}
 20810 | Tomb:3   | Identified the +0 falchion of the Filigreed God {drain,
                  | Str+3}
 20811 | Tomb:3   | Identified the +12 long sword of Res Nullius {flame, rF+
                  | Will+}
 20847 | Tomb:1   | Noticed a royal mummy
 20848 | Tomb:1   | Noticed a royal mummy
 20850 | Tomb:1   | Killed a royal mummy
 20851 | Tomb:1   | Killed a royal mummy
 20852 | Tomb:1   | Noticed a royal mummy
 20853 | Tomb:1   | Noticed a royal mummy
 20853 | Tomb:1   | Noticed a royal mummy
 20856 | Tomb:1   | Killed a royal mummy
 20856 | Tomb:1   | Killed a royal mummy
 20857 | Tomb:1   | Killed a royal mummy
 21168 | Pan      | Entered Pandemonium
 21264 | Pan      | Noticed Qixebyr the pandemonium lord
 21266 | Pan      | Killed Qixebyr the pandemonium lord
 21267 | Pan      | Got a demonic rune of Zot
 21277 | Pan      | Identified the +6 shortbow "Zuybuggy" {heavy, rCorr Int+3}
 21414 | Pan      | Noticed Lilash the pandemonium lord
 21417 | Pan      | Killed Lilash the pandemonium lord
 21418 | Pan      | Reached skill level 26 in Spellcasting
 21447 | Pan      | Identified the staff "Enoehiqeho" {MP+9 Str+3 Earth}
 21664 | Pan      | Noticed Torghext the pandemonium lord
 21679 | Pan      | Killed Torghext the pandemonium lord
 21701 | Pan      | Identified the of Tykleag Figg
 21701 | Pan      | Entered the realm of Cerebov.
 21877 | Pan      | Found the +6 sword of Cerebov {flame}
 21877 | Pan      | Noticed Cerebov
 21892 | Pan      | Killed Cerebov
 21963 | Pan      | Identified the +5 broad axe "Afe Wiq" {speed, rF+ Dex+5}
 21997 | Pan      | Got a fiery rune of Zot
 22094 | Pan      | Found a transporter.
 22112 | Pan      | Identified the amulet of Compassion {RegenMP rC+++ Regen+
                  | Stlth+}
 22155 | Pan      | Identified the ring "Montyty" {Dex+3 SInv Stlth+}
 22188 | Pan      | Entered the realm of Lom Lobon.
 22192 | Pan      | Reached skill level 27 in Spellcasting
 22225 | Pan      | Noticed Lom Lobon
 22231 | Pan      | Killed Lom Lobon
 22246 | Pan      | Got a magical rune of Zot
 22336 | Pan      | Noticed Teahor the pandemonium lord
 22338 | Pan      | Killed Teahor the pandemonium lord
 22385 | Pan      | Noticed Qeit Xyl the pandemonium lord
 22392 | Pan      | Killed Qeit Xyl the pandemonium lord
 22488 | Pan      | Found a runed translucent door.
 22490 | Pan      | Found a runed translucent door.
 22490 | Pan      | Found a runed translucent door.
 22514 | Pan      | Entered the realm of Mnoleg.
 22577 | Pan      | Identified the +0 scale mail of the Old World {*Slow rElec
                  | Regen+ SInv}
 22730 | Pan      | Noticed Mnoleg
 22735 | Pan      | Killed Mnoleg
 22749 | Pan      | Got a glowing rune of Zot
 22838 | Pan      | Entered the realm of Gloorx Vloq.
 23001 | Pan      | Got a dark rune of Zot
 23003 | Pan      | Noticed Gloorx Vloq
 23007 | Pan      | Killed Gloorx Vloq
 23084 | Pan      | Noticed Fushalagu the pandemonium lord
 23088 | Pan      | Killed Fushalagu the pandemonium lord
 23140 | Depths:1 | Escaped Pandemonium
 23218 | Depths:2 | Voluntarily entered the Abyss.
 23242 | Abyss:2  | Found a corrupted altar of Lugonu.
 23452 | Depths:2 | Escaped the Abyss
 23454 | Depths:2 | Voluntarily entered the Abyss.
 23505 | Abyss:3  | Found a shimmering altar of Xom.
 23507 | Abyss:3  | Got an abyssal rune of Zot
 23536 | Depths:2 | Escaped the Abyss
 23599 | Depths:1 | Found the +9 scales of the Dragon King {rPois rF+ rC+
                  | Will+}
 23603 | Depths:1 | Identified the amulet "Gaelaiga" {Faith rC+ rN+}
 23618 | Hell     | Entered the Vestibule of Hell
 23618 | Hell     | Noticed Geryon
 23625 | Hell     | Killed Geryon
 23691 | Hell     | Found a gateway to the Iron City of Dis.
 23713 | Dis:1    | Entered Level 1 of the Iron City of Dis
 23721 | Dis:1    | Reached skill level 1 in Evocations
 23840 | Dis:4    | Noticed an ancient lich
 23842 | Dis:4    | Killed an ancient lich
 23852 | Dis:4    | Reached skill level 5 in Evocations
 24037 | Dis:5    | Reached skill level 1 in Air Magic
 24210 | Dis:7    | Entered Level 7 of the Iron City of Dis
 24243 | Dis:7    | Reached skill level 10 in Shields
 24246 | Dis:7    | Reached skill level 5 in Air Magic
 24412 | Dis:7    | Noticed a juggernaut
 24415 | Dis:7    | Killed a juggernaut
 24421 | Dis:7    | Got an iron rune of Zot
 24500 | Hell     | Found a gateway to the freezing wastes of Cocytus.
 24510 | Coc:1    | Entered Level 1 of Cocytus
 24685 | Coc:3    | Reached skill level 10 in Air Magic
 24793 | Coc:7    | Entered Level 7 of Cocytus
 24794 | Coc:7    | Upgraded the game from 0.31-a0-1009-g454b1f1 to
                  | 0.31-a0-1010-g5322dac
 24798 | Coc:7    | Noticed the Serpent of Hell
 24802 | Coc:7    | Killed the Serpent of Hell
 24887 | Coc:7    | Paralysed by a wendigo for 1 turns
 24931 | Coc:7    | Noticed Antaeus
 24943 | Coc:7    | Killed Antaeus
 24962 | Coc:7    | Identified the staff of Action {Contam rN+ rCorr Conj Necro
                  | Air}
 24965 | Coc:7    | Identified the +1 short sword of Galil {vamp, rPois}
 24970 | Coc:7    | Got an icy rune of Zot
 24982 | Coc:7    | Identified the +2 ring mail of Inevitability {Harm Int+4}
 25044 | Hell     | Found a gateway to the decaying netherworld of Tartarus.
 25073 | Hell     | Found a gateway to the ashen valley of Gehenna.
 25084 | Geh:1    | Entered Level 1 of Gehenna
 25086 | Geh:1    | Reached skill level 1 in Long Blades
 25188 | Geh:2    | Noticed an ancient lich
 25190 | Geh:2    | Killed an ancient lich
 25211 | Geh:3    | Noticed an ancient lich
 25213 | Geh:3    | Reached skill level 5 in Long Blades
 25214 | Geh:3    | Killed an ancient lich
 25260 | Geh:3    | Learned a level 9 spell: Chain Lightning
 25346 | Geh:5    | Noticed an ancient lich
 25346 | Geh:5    | Noticed an ancient lich
 25346 | Geh:5    | Noticed a dread lich
 25346 | Geh:5    | Noticed an ancient lich
 25348 | Geh:5    | Killed an ancient lich
 25348 | Geh:5    | Killed a dread lich
 25348 | Geh:5    | Killed an ancient lich
 25348 | Geh:5    | Killed an ancient lich
 25350 | Geh:5    | Reached skill level 10 in Long Blades
 25468 | Geh:7    | Entered Level 7 of Gehenna
 25537 | Geh:7    | Got an obsidian rune of Zot
 25617 | Tar:1    | Entered Level 1 of Tartarus
 25909 | Tar:7    | Entered Level 7 of Tartarus
 25920 | Tar:7    | Noticed a dread lich
 25920 | Tar:7    | Noticed a dread lich
 25921 | Tar:7    | Killed a dread lich
 25921 | Tar:7    | Killed a dread lich
 25982 | Tar:7    | Identified the +0 robe of Recklessness {*Corrode rF++ rN+}
 25993 | Tar:7    | Noticed Ereshkigal
 25998 | Tar:7    | Killed Ereshkigal
 26018 | Tar:7    | Identified the +0 robe "Xobiugge" {*Slow rN+ Int+6 Dex-5}
 26049 | Tar:7    | Got a bone rune of Zot
 26152 | Depths:4 | Entered Level 4 of the Depths
 26232 | Depths:3 | Found Ydadeuce's Assorted Antiques.
 26267 | Depths:4 | Found a gate to the Realm of Zot.
 26317 | Zot:1    | Entered Level 1 of the Realm of Zot
 26343 | Zot:1    | Noticed an ancient lich
 26345 | Zot:1    | Found a stormy altar of Qazlal.
 26385 | Zot:1    | Killed an ancient lich
 26386 | Zot:1    | Reached skill level 15 in Air Magic
 26436 | Zot:2    | Found a shadowy altar of Dithmenos.
 26525 | Zot:3    | Noticed an orb of fire
 26528 | Zot:3    | Gained mutation: Your magical capacity is low. (-10% MP)
                  | [an orb of fire]
 26531 | Zot:3    | Killed an orb of fire
 26540 | Zot:2    | Lost mutation: Your magical capacity is low. (-10% MP)
                  | [potion of mutation]
 26540 | Zot:2    | Gained mutation: Your muscles are strong. (Str +4, Int/Dex
                  | -1) [potion of mutation]
 26540 | Zot:2    | Gained mutation: Your natural rate of healing is unusually
                  | fast. [potion of mutation]
 26651 | Zot:5    | Entered Level 5 of the Realm of Zot
 26750 | Zot:5    | Identified the amulet "Qelu" {RegenMP rElec rPois Regen+
                  | Int-2}
 26770 | Zot:5    | Noticed a dread lich
 26772 | Zot:5    | Killed a dread lich
 26816 | Zot:5    | Noticed an orb of fire
 26818 | Zot:5    | Noticed an ancient lich
 26818 | Zot:5    | Noticed an ancient lich
 26820 | Zot:5    | Killed an orb of fire
 26822 | Zot:5    | Killed an ancient lich
 26822 | Zot:5    | Killed an ancient lich
 26855 | Zot:5    | Noticed an orb of fire
 26856 | Zot:5    | Gained mutation: You are vulnerable to cold. (rC-) [an orb
                  | of fire]
 26861 | Zot:5    | Killed an orb of fire
 26861 | Zot:5    | Noticed an orb of fire
 26864 | Zot:5    | Noticed an orb of fire
 26865 | Zot:5    | Killed an orb of fire
 26867 | Zot:5    | Killed an orb of fire
 26883 | Zot:5    | Noticed an ancient lich
 26884 | Zot:5    | Killed an ancient lich
 26905 | Zot:5    | Got the Orb of Zot
 26925 | Zot:5    | Noticed Ebritydeg the pandemonium lord
 26925 | Zot:5    | Noticed an ancient lich
 26926 | Zot:5    | Killed an ancient lich
 26927 | Zot:5    | Killed Ebritydeg the pandemonium lord
 27234 | D:12     | Noticed Plog the pandemonium lord
 27237 | D:12     | Killed Plog the pandemonium lord
 27337 | D:7      | Noticed Noreuh the pandemonium lord
 27342 | D:7      | Killed Noreuh the pandemonium lord
 27473 | D:$      | Escaped with the Orb!

Illustrated notes

Levels and vault maps discovered:
D:1:      minmay_arrival_five_plusses, layout_loops_cross
D:2:      layout_rooms
D:3:      layout_basic, nicolae_overflow_crystal_walls,
          kennysheep_generic_room_4
D:4:      layout_basic, elyvilon_altar_5, hangedman_feature_mirror
D:5:      layout_basic, zin_purify, minmay_temple_entry_waves,
          roderic_roman_lattice, hangedman_decor_lopped, uniq_eustachio,
          uniq_grinder
D:6:      layout_cave_pools, mainiacjoe_overflow_cross_hatched,
          mainiacjoe_overflow_small_starburst, nicolae_shop_fire_sale
          [nicolae_sub_dead_trees]
D:7:      layout_cave_pools, kennysheep_little_box, kiku_gazebo_garden_becter,
          nicolae_gozag_seed_capital, minivault_25, lightli_minifort
D:8:      layout_loops_ring, ebering_ghost_xom
D:9:      layout_rooms, erik_lair_orcish_takeover,
          hangedman_abyss_or_decor_slice, amcnicky_mini_pool_small, uniq_grum,
          uniq_harold
D:10:     layout_long_grid, old_standard_altar, nicolae_overflow_hidden_temple,
          lightli_temple_of_fire, erik_orc_1, enter_trove_3,
          gammafunk_ghost_split, serial_shops, nicolae_take_the_stairs
D:11:     layout_irregular_city, serial_bayou_pond_c
D:12:     layout_layer_cave, uniq_frances
D:13:     layout_roguey, hellmonk_vaults_order_and_chaos,
          hangedman_decor_opposing
D:14:     layout_irregular_city, serial_bayou_pond_a, serial_bayou_lake_a,
          uniq_nessos
D:15:     grunt_enter_depths_hoard, layout_stronghold,
          chequers_serial_rivers_large_a, serial_shops, shop
Temple:   hellmonk_temple_beads
Lair:1:   layout_small_grid, serial_rivers, chequers_serial_rivers_large_b,
          chequers_serial_rivers_small_3, chequers_serial_rivers_micro_b,
          chequers_serial_rivers_small_a, chequers_serial_rivers_small_3,
          uniq_nergalle
Lair:2:   layout_chaotic_city, spider_nest_entry_web_field, serial_forest,
          infiniplex_forest_clump_small, infiniplex_forest_lined_3,
          infiniplex_forest_end_1, infiniplex_forest_zigzag_1,
          infiniplex_forest_clump_C, infiniplex_forest_straight_1,
          infiniplex_forest_diagonal, chequers_serial_rivers_room_b,
          minmay_holes, uniq_urug
Lair:3:   layout_chaotic_city, minmay_shoals_entry_centaurs,
          gammafunk_ghost_berserking_beasts, grunt_megastairs_3,
          infiniplex_staircase_pool_2, lemuel_fruit_tree
Lair:4:   layout_loops_ring
Lair:5:   hellmonk_lair_end_abyssal_woods, layout_long_grid, slime_entry_1
Shoals:1: layout_shoals
Shoals:2: layout_shoals
Shoals:3: layout_shoals, serial_shops, nicolae_shop_stone,
          ebering_ghost_davey_jones, uniq_polyphemus
Shoals:4: shoals_end_simple, layout_shoals
Spider:1: layout_cave_pods, nicolae_spider_eight_legs, uniq_kirke, uniq_donald,
          uniq_josephine
Spider:2: layout_spider_delve
Spider:3: layout_spider_delve, ebering_ghost_inner_flame
Spider:4: guppyfry_spider_rune
Slime:1:  layout_caves
Slime:2:  layout_caves
Slime:3:  layout_caves
Slime:4:  layout_caves
Slime:5:  slime_pit_nicolae_block_by_block
Orc:1:    layout_diamond_mine, serial_shops, nicolae_shop_statue_plus,
          lemuel_statue_altar, minmay_orc_treasury
Orc:2:    grunt_orc_gardens, layout_caves, grunt_orc_garden, grunt_orc_garden,
          grunt_orc_garden, grunt_orc_garden, rock_pile
Elf:1:    layout_loops_corners, serial_shops, nicolae_square_shop,
          evilmike_minifort
Elf:2:    nicolae_elf_blades_crystal_corner, layout_geoelf_octagon,
          minmay_fountain_box
Elf:3:    minmay_elf_hall_hex, layout_loops_ring
Vaults:1: vaults_room_semicircle, nicolae_vaults_storage_closets_1,
          nicolae_vaults_double_plus_1, v_misc_3, v_misc_33,
          hangedman_vaults_river_flow, nicolae_vaults_theta,
          nicolae_vaults_closet_pinwheel_1, ontoclasm_vaults_shuriken,
          layout_vaults_chaotic_city
Vaults:2: v_misc_18, v_misc_8, vaults_room_stairs_pillars,
          vaults_mumra_chevron_long, ontoclasm_vaults_ring_large,
          nicolae_vaults_network_barrier, vaults_mumra_minichess_inversion,
          kennysheep_ogre_elephant_herders, v_rooms_5,
          nicolae_vaults_closet_pinwheel_1, nicolae_vaults_trapezoid_2,
          vaults_mumra_lcd, nicolae_vaults_border_crossing,
          nicolae_vaults_double_plus_2, layout_vaults_ring, serial_shops,
          nicolae_shop_stone, uniq_jory
Vaults:3: nicolae_vaults_stand_back, minmay_crypt_entry_vampire_xt,
          nicolae_vaults_closet_pinwheel_4, layout_vaults_omnigrid, uniq_norris
Vaults:4: nicolae_vaults_closet_pinwheel_2, ontoclasm_vaults_gateway,
          nicolae_vaults_doubleplus_tesselated, nicolae_vaults_tangent_ellipses,
          hangedman_vaults_stitches, vaults_dpeg_cross, v_misc_29,
          nicolae_vaults_ring_of_whatevers, v_misc_9,
          nicolae_vaults_heart-shaped_vault, layout_vaults_omnibox
Vaults:5
Crypt:1:  gammafunk_sealed_library, layout_catacombs
Crypt:2:  layout_basic, hangedman_batty, lemuel_upstairs_altar
Crypt:3:  grunt_crypt_end_deaths_head
Tomb:1
Tomb:2
Tomb:3
Depths:1: layout_cave_shapes, rand_demon_pan_entry_8, hell_entry,
          abyss_entry_crystal
Depths:2: minmay_triangles_in_corner, layout_twisted_cross, pan_entry,
          hangedman_coc_ice_floe, abyss_entry
Depths:3: lemuel_vampire_tower, layout_gridlike, enter_ziggurat_b,
          grunt_pan_entry_spiral, abyss_entry, pf_dread_powers_of_hell,
          serial_shops, shop_fountains, minmay_staircase_bubble
Depths:4: evilmike_zot_entry_diamond, layout_basic, serial_bayou_pond_c,
          hell_entry, serial_shops, nicolae_shop_overgrown_old_shop,
          minmay_room_of_horrors
Hell
Dis:1:    layout_gridville, nicolae_dis_strange_trophy_room
Dis:2:    layout_gridville
Dis:3:    layout_subdivisions, serial_glass, glass_columns_b, glass_columns_a,
          glass_columns_a, glass_columns_b, glass_columns_c, glass_columns_c,
          glass_columns_b, glass_columns_a, glass_columns_c, glass_columns_a,
          glass_columns_c, glass_columns_a, glass_columns_a
Dis:4:    nicolae_dis_big_iron_x
Dis:5:    nicolae_dis_hell_of_blades
Dis:6:    layout_jigsaw
Dis:7:    dis_st
Geh:1:    layout_gehenna_lava_caves
Geh:2:    layout_gehenna_pools_triple
Geh:3:    nicolae_hells_demon_pit, layout_gehenna_pools_box
Geh:4:    layout_gehenna_lava_caves
Geh:5:    layout_gehenna_pools_basic, nicolae_geh_single_fiery_grave,
          nicolae_geh_liches_on_tour
Geh:6:    layout_gehenna_pools_basic
Geh:7:    evilmike_geh
Coc:1:    layout_ice_bergs
Coc:2:    nicolae_hells_giants_party, layout_cocytus_water_paths
Coc:3:    layout_ice_bergs
Coc:4:    nicolae_coc_icebeans_plural [nicolae_sub_coc_subbean,
          nicolae_sub_coc_subbean, nicolae_sub_coc_subbean,
          nicolae_sub_coc_subbean], layout_cocytus_delve
Coc:5:    layout_cocytus_water_paths, serial_ice
Coc:6:    layout_cocytus_water_paths
Coc:7:    coc_old
Tar:1:    layout_honeycomb
Tar:2:    layout_catacombs, nicolae_tar_cuneiform_sun
Tar:3:    layout_honeycomb
Tar:4:    layout_grid_maze
Tar:5:    layout_grid_maze
Tar:6:    layout_honeycomb
Tar:7:    tar_grunt_cathedral
Zot:1:    regret_index_qazlal_generations, layout_gridlike
Zot:2:    layout_twisted_circle, basic_altar
Zot:3:    layout_twisted_circle, bh_zot_levy_curve
Zot:4:    nicolae_zot_draconian_monastery, layout_basic,
          regret_index_zotdec_dark_gr, uniq_parghit
Zot:5:    layout_misc_corridors, st_stairs_3

Skill      XL: |  1  2  3  4  5  6  7  8  9 10 11 12 13 14 15 16 17 18 19 20 21 22 23 24 25 26 27 |
---------------+----------------------------------------------------------------------------------+-----
Spellcasting   | 2 3 5 8 10 11 12 14 15 18 19 20 21 22 23 24 27 | 27.0
Conjurations   | 2 5 6 8 11 12 13 14 16 18 20 21 22 23 | 23.0
Transmutations | 2 4 |  4.0
Earth Magic    | 4 7 12 13 14 15 17 18 21 | 21.0
Necromancy     | 1 4 5 6 8 |  8.0
Fighting       | 3 4 6 7 10 12 13 14 25 | 25.9
Dodging        | 4 6 8 10 11 12 14 20 | 20.0
Fire Magic     | 5 8 9 11 12 14 18 20 21 22 | 22.0
Armour         | 2 4 12 | 12.0
Translocations | 1 |  1.0
Shields        | 2 3 4 5 10 | 10.0
Shapeshifting  | 4 5 7 8 23 | 23.0
Ice Magic      | 26 | 26.7
Evocations     | 5 |  5.0
Air Magic      | 18 | 18.0
Long Blades    | 13 | 13.9
Short Blades   | |  2.0
Throwing       | |  2.0
Stealth        | |  4.8

Action                     |  1- 3 |  4- 6 |  7- 9 | 10-12 | 13-15 | 16-18 | 19-21 | 22-24 | 25-27 || total
---------------------------+-------+-------+-------+-------+-------+-------+-------+-------+-------++-------
  Melee: Dagger            |    79 |   242 |    28 |    29 |       |       |       |       |       ||   378
         Punch             |       |     1 |     1 |       |       |       |       |       |       ||     2
         Flail             |       |    30 |    86 |       |       |       |       |       |       ||   116
         Staff             |       |       |     5 |    19 |    15 |     1 |     1 |       |     4 ||    45
         Short sword       |       |       |       |       |    20 |     1 |     1 |       |       ||    22
         War axe           |       |       |       |       |       |       |       |       |     8 ||     8
         Rapier            |       |       |       |       |       |       |       |       |     5 ||     5
  Throw: Dart              |     2 |    21 |    14 |    14 |    11 |       |       |       |       ||    62
   Cast: Stone Arrow       |       |       |    84 |   235 |   206 |     4 |       |       |       ||   529
         Sublimation of Bl |       |       |    27 |    47 |    84 |   123 |    95 |     6 |   421 ||   803
         Mephitic Cloud    |       |       |     2 |     6 |     5 |       |       |       |       ||    13
         Irradiate         |       |       |       |     8 |    16 |       |       |       |       ||    24
         Hailstorm         |       |       |       |     3 |       |       |       |       |       ||     3
         Freezing Cloud    |       |       |       |       |    45 |       |       |       |       ||    45
         Fireball          |       |       |       |       |   146 |   171 |    27 |     1 |    69 ||   414
         Orb of Destructio |       |       |       |       |    11 |    13 |     3 |       |     4 ||    31
         Iskenderun's Myst |       |       |       |       |     5 |    23 |    11 |       |    30 ||    69
         Fire Storm        |       |       |       |       |       |   109 |   195 |    27 |   584 ||   915
         Ignition          |       |       |       |       |       |     1 |     6 |       |    36 ||    43
         Apportation       |       |       |       |       |       |     1 |       |     7 |   128 ||   136
         Lehudib's Crystal |       |       |       |       |       |       |     6 |       |   144 ||   150
         Shatter           |       |       |       |       |       |       |       |       |   779 ||   779
         Chain Lightning   |       |       |       |       |       |       |       |       |    30 ||    30
         Polar Vortex      |       |       |       |       |       |       |       |       |     6 ||     6
Ability: Begin Untransform |       |       |       |       |       |       |       |       |    14 ||    14
  Evoke: Wand              |       |       |     1 |       |       |       |     2 |       |    11 ||    14
         Phial of floods   |       |       |       |       |       |       |       |       |     1 ||     1
    Use: Scroll            |       |     6 |     6 |    11 |     9 |    10 |     5 |     4 |    31 ||    82
         Potion            |       |     1 |     1 |       |     1 |     1 |     1 |     3 |    54 ||    62
   Stab: Sleeping          |    11 |     3 |     2 |       |     1 |     1 |       |       |       ||    18
 Armour: Robe              |    18 |       |       |       |       |       |       |       |       ||    18
         Ring mail         |     7 |   165 |    58 |       |       |       |       |       |       ||   230
         Leather armour    |       |       |    82 |    63 |    65 |    29 |    14 |     2 |    14 ||   269
         Troll leather arm |       |       |       |       |       |       |       |       |   234 ||   234
  Dodge: Dodged            |    49 |   125 |   131 |    79 |    81 |    38 |    23 |       |   201 ||   727
  Block: Buckler           |       |       |       |       |     1 |     3 |     1 |       |    92 ||    97
         Reflection        |       |       |       |       |       |       |       |       |    25 ||    25
   Form: Death             |       |       |       |       |       |       |       |       |    13 ||    13

Table legend: (Time is in decaauts)
 A = Elapsed time spent in this place.
 B = Non-inter-level travel time spent in this place.
 C = Inter-level travel time spent in this place.
 D = Time resting spent in this place.
 E = Time spent auto-exploring this place.
 F = Levels seen in this place.
 G = Mean time per level.
                   A        B        C        D        E       F      G
               +--------+--------+--------+--------+--------+-----+--------+
         Total |  27863 |  25605 |   2258 |      0 |    105 | 134 |  207.9 |
       Dungeon |   8509 |   7599 |    910 |      0 |    105 |  15 |  567.3 |
        Temple |     26 |     26 |      0 |      0 |      0 |   1 |   26.0 |
          Lair |   2875 |   2371 |    504 |      0 |      0 |   5 |  575.0 |
        Shoals |   1289 |   1161 |    128 |      0 |      0 |   4 |  322.2 |
   Spider Nest |   1117 |   1005 |    112 |      0 |      0 |   4 |  279.2 |
    Slime Pits |    774 |    768 |      6 |      0 |      0 |   5 |  154.8 |
  Orcish Mines |   1227 |   1059 |    168 |      0 |      0 |   2 |  613.5 |
   Elven Halls |   1640 |   1491 |    149 |      0 |      0 |   3 |  546.7 |
        Vaults |   1892 |   1649 |    243 |      0 |      0 |   5 |  378.4 |
         Crypt |    563 |    563 |      0 |      0 |      0 |   3 |  187.7 |
          Tomb |    628 |    628 |      0 |      0 |      0 |   3 |  209.3 |
        Depths |    861 |    825 |     36 |      0 |      0 |   4 |  215.2 |
          Hell |    326 |    326 |      0 |      0 |      0 |   1 |  326.0 |
           Dis |    727 |    727 |      0 |      0 |      0 |   7 |  103.9 |
       Gehenna |    501 |    501 |      0 |      0 |      0 |   7 |   71.6 |
       Cocytus |    510 |    510 |      0 |      0 |      0 |   7 |   72.9 |
      Tartarus |    463 |    463 |      0 |      0 |      0 |   7 |   66.1 |
           Zot |    746 |    746 |      0 |      0 |      0 |   5 |  149.2 |
         Abyss |    325 |    325 |      0 |      0 |      0 |   4 |   81.2 |
   Pandemonium |   1962 |   1962 |      0 |      0 |      0 |  20 |   98.1 |
      Ziggurat |    892 |    892 |      0 |      0 |      0 |  22 |   40.5 |
               +--------+--------+--------+--------+--------+-----+--------+

Top non-repeatable levels by time:
    D:10: 993 daAuts
  Lair:5: 973 daAuts
   Elf:3: 931 daAuts
     D:5: 890 daAuts
    D:11: 803 daAuts
    D:13: 749 daAuts
Spider:4: 649 daAuts
Vaults:5: 648 daAuts
   Orc:1: 625 daAuts
     D:4: 622 daAuts
Shoals:4: 608 daAuts
   Orc:2: 602 daAuts
  Lair:2: 596 daAuts
    D:15: 573 daAuts
     D:3: 562 daAuts
